 Dungeon Crawl Stone Soup version 0.29-a0-119-g4040846114 (webtiles) character file.

Game seed: 11832849093627131307

263 cyrus the Covered (level 6, 0/48 HPs)
             Began as a Formicid Fighter on Feb 20, 2022.
             Was a Priest of Vehumet.
             Slain by an ice beast (12 damage)
             ... on level 5 of the Dungeon.
             The game lasted 00:11:38 (4238 turns).

cyrus the Covered (Formicid Fighter)                Turns: 4238, Time: 00:11:38

Health: 0/48       AC:  8    Str: 20    XL:     6   Next: 42%
Magic:  6/6        EV:  9    Int: 10    God:    Vehumet [***...]
Gold:   169        SH:  4    Dex: 10    Spells: 5/5 levels left

rFire   . . .      SeeInvis +   a - +0 quarterstaff
rCold   . . .      Faith    .   c - +0 buckler
rNeg    . . .      Spirit   .   b - +0 scale mail
rPois   .          Reflect  .   (helmet unavailable)
rElec   .          Harm     .   g - +0 cloak
rCorr   .          Rampage  .   (no gloves)
Will    .....                   (no boots)
Stlth   ..........              (no amulet)
HPRegen 0.16/turn               (no ring)
MPRegen 0.10/turn               (no ring)

@: no status effects
A: permanent stasis, dig shafts and tunnels, antennae 3, four strong arms
a: Dig, Shaft Self, Renounce Religion


You were on level 5 of the Dungeon.
You worshipped Vehumet.
Vehumet was most pleased with you.
You visited 1 branch of the dungeon, and saw 6 of its levels.

You collected 169 gold pieces.

Inventory:

Hand Weapons
 a - a +0 quarterstaff (weapon)
Armour
 b - a +0 scale mail (worn)
 c - a +0 buckler (worn)
 g - a +0 cloak (worn)
Jewellery
 e - a ring of wizardry
 k - a ring of positive energy
 p - a ring of flight
 q - a ring of see invisible
 x - a ring of resist corrosion
Scrolls
 h - a scroll of fear {unknown}
 i - a scroll of enchant weapon {unknown}
 j - a scroll of teleportation {unknown}
 m - 3 scrolls of identify {unknown}
 n - a scroll of vulnerability {unknown}
 o - 2 scrolls of immolation {unknown}
 r - 2 scrolls of blinking {unknown}
 t - a scroll of enchant armour {unknown}
 v - a scroll of acquirement {unknown}
 w - a scroll of summoning {unknown}
Potions
 f - 3 potions of curing {unknown}
 l - a potion of haste {unknown}
 s - a potion of lignification {unknown}
 u - a potion of mutation {unknown}
 z - 2 potions of ambrosia {unknown}


   Skills:
 + Level 4.2 Fighting
 + Level 4.4 Staves
 + Level 4.4 Armour
 + Level 1.0 Dodging
 + Level 4.3 Shields


You had 5 spell levels left.
You didn't know any spells.
Your spell library contained the following spells:

 Spells                   Type           Power      Damage    Failure   Level
 Searing Ray              Conj           0%         2d4       41%         2
 Magic Dart               Conj           0%         1d3       30%         1
 Mephitic Cloud           Conj/Pois/Air  0%         N/A       65%         3
 Call Imp                 Summ           0%         N/A       88%         2


Dungeon Overview and Level Annotations

Branches:
Dungeon (6/15)
 Temple: D:4-7

Altars:
Qazlal
Vehumet

Shops:
D:1 ([(   D:2 =

Annotations:
D:5 Prince Ribbit


Innate Abilities, Weirdness & Mutations

You cannot be hasted, slowed, berserked, paralysed or teleported.
You can dig through walls and to a lower floor.
You have a pair of large antennae on your head. (SInv)
Your four strong arms can wield two-handed weapons with a shield.


Message History

You climb downwards.
The ice beast hits you but does no damage.
There is a stone staircase leading up here.
The jelly jiggles.
The ice beast hits you but does no damage.
You block the ice beast's attack.
You climb upwards.
Level annotation: Prince Ribbit
There is a stone staircase leading down, spattered with blood here.
You hit the ice beast.
The ice beast is lightly wounded.
The ice beast hits you but does no damage. x2
You closely miss the ice beast.
The ice beast is lightly wounded.
The ice beast hits you but does no damage.
The ice beast hits you. The ice beast freezes you.
You hit the ice beast.
The ice beast is moderately wounded.
You block the ice beast's attack.
The ice beast hits you but does no damage.
Prince Ribbit croaks regally.
You hit the ice beast but do no damage.
The ice beast is moderately wounded.
The ice beast hits you. The ice beast freezes you!
* * * LOW HITPOINT WARNING * * *
The ice beast closely misses you.
You closely miss the ice beast.
The ice beast is moderately wounded.
Prince Ribbit blinks!
The ice beast hits you but does no damage. x3
You sock the ice beast!
The ice beast is heavily wounded.
You block the ice beast's attack.
Prince Ribbit blinks!
The ice beast completely misses you.
You hit the ice beast but do no damage.
The ice beast is heavily wounded.
The ice beast hits you.
* * * LOW HITPOINT WARNING * * *
The ice beast freezes you!
You die...

#.############
#.#.§..Y@Y...#
#.#.########.#
#.#.# .# #.#.#
.( #.#.# ...
###.#.# ....
#..{{§# .....
#....(# ......
#..§..#


You could see 2 ice beasts.

Vanquished Creatures
  An iguana (D:5)
  An orc wizard (D:3)
  A killer bee zombie (D:5)
  Robin (D:3)
  A howler monkey skeleton (D:4)
  2 adders
  A white imp (D:4)
  An adder skeleton (D:4)
  4 dart slugs
  7 worms
  3 orcs (D:3)
  11 ball pythons
  4 bats
  6 endoplasms
  5 giant cockroaches
  15 goblins
  8 hobgoblins
  15 jackals
  3 quokkas
  2 frilled lizards
  6 kobolds
  9 rats
107 creatures vanquished.

Notes
Turn   | Place    | Note
-------+----------+-------------------------------------------
     0 | D:1      | cyrus the Formicid Fighter began the quest for the Orb.
     0 | D:1      | Reached XP level 1. HP: 18/18 MP: 1/1
    71 | D:1      | Reached XP level 2. HP: 24/24 MP: 2/2
   191 | D:1      | Found Kapsam's Antique Weapon Boutique.
   290 | D:1      | Found Lomyur's Antique Armour Boutique.
   411 | D:1      | Reached XP level 3. HP: 30/30 MP: 3/3
   499 | D:1      | Found Gibiros's Weapon Boutique.
   528 | D:1      | Found a faded altar of an unknown god.
   544 | D:1      | Prayed at the altar of an unknown god.
   544 | D:1      | Became a worshipper of Vehumet
   544 | D:1      | Reached * piety under Vehumet
   544 | D:1      | Offered knowledge of Foxfire by Vehumet.
   808 | D:2      | Found Fiatoshu's Jewellery Shop.
  1053 | D:2      | Reached XP level 4. HP: 37/37 MP: 4/4
  1413 | D:2      | Offered knowledge of Static Discharge by Vehumet.
  1433 | D:2      | Reached ** piety under Vehumet
  2085 | D:3      | Noticed Robin
  2098 | D:3      | Killed Robin
  2099 | D:3      | Reached XP level 5. HP: 35/42 MP: 5/5
  2125 | D:3      | Offered knowledge of Searing Ray by Vehumet.
  2786 | D:3      | Reached *** piety under Vehumet
  3108 | D:4      | Found a stormy altar of Qazlal.
  3166 | D:4      | Reached XP level 6. HP: 48/48 MP: 6/6
  3390 | D:4      | You fall into a shaft and drop 2 floors!
  3401 | D:6      | Noticed an ice beast
  3410 | D:5      | Entered Level 5 of the Dungeon
  3417 | D:5      | Reached skill level 1 in Dodging
  4198 | D:5      | Noticed Prince Ribbit
  4198 | D:5      | Noticed an ice beast
  4238 | D:5      | Slain by an ice beast

Illustrated notes

Levels and vault maps discovered:
D:1:      lemuel_arrival_rhombus, layout_basic,
          shapermc_ecumenical_altar_starsandcircs, serial_shops, shop, shop,
          nicolae_shop_competitors_out_of_business
D:2:      layout_rooms, serial_shops, nicolae_shop_trees,
          minmay_misc_feat_roman, st_stairs_9, minmay_misc_feat_plants
D:3:      layout_rooms, uniq_robin
D:4:      layout_loops_cross, nicolae_qazlal_eye_of_the_storm,
          minmay_manual_monstrance
D:5:      layout_basic, serial_shops, nicolae_diamond_shop,
          hangedman_minor_gate_pass, uniq_prince_ribbit1
D:6:      layout_layer_cave, minmay_temple_entry_grid, serial_shops,
          kennysheep_little_box

Skill      XL: |  1  2  3  4  5  6 |
---------------+-------------------+-----
Shields        | 4 |  4.3
Staves         | 3 4 |  4.4
Fighting       | 4 |  4.2
Armour         | 4 |  4.4
Dodging        | 1 |  1.0

Action                   |  1- 3 |  4- 6 || total
-------------------------+-------+-------++-------
Melee: Quarterstaff      |    83 |   258 ||   341
 Abil: Shaft Self        |       |     1 ||     1
  Use: Potion            |       |     3 ||     3
Armor: Scale mail        |    28 |   200 ||   228
Dodge: Dodged            |    47 |   148 ||   195
Block: Buckler           |    19 |    95 ||   114

Table legend: (Time is in decaauts)
 A = Elapsed time spent in this place.
 B = Non-inter-level travel time spent in this place.
 C = Inter-level travel time spent in this place.
 D = Time resting spent in this place.
 E = Time spent auto-exploring this place.
 F = Levels seen in this place.
 G = Mean time per level.
                   A        B        C        D        E       F      G
               +--------+--------+--------+--------+--------+-----+--------+
         Total |   4294 |   4255 |     39 |   1596 |   1643 |   6 |  715.7 |
       Dungeon |   4294 |   4255 |     39 |   1596 |   1643 |   6 |  715.7 |
               +--------+--------+--------+--------+--------+-----+--------+

Top non-repeatable levels by time:
     D:2: 1269 daAuts
     D:3: 1039 daAuts
     D:5: 828 daAuts
     D:1: 811 daAuts
     D:4: 323 daAuts
     D:6: 22 daAuts
